 Dungeon Crawl Stone Soup version 0.30-a0-368-g86fb4627a9 (webtiles) character file.

Game seed: 4148082437100818335

26 Jackthecabe the Conjurer (level 2, 0/22 HPs)
             Began as a Demonspawn Reaver on Nov 18, 2022.
             Slain by an orc
             ... wielding a +0 mace
              (3 damage)
             ... on level 2 of the Dungeon.
             The game lasted 00:03:37 (1087 turns).

Jackthecabe the Conjurer (Demonspawn Reaver)        Turns: 1087, Time: 00:03:38

Health: 0/22       AC:  3    Str: 12    XL:     2   Next: 89%
Magic:  5/5        EV: 11    Int: 14    God:
Gold:   85         SH:  0    Dex: 11    Spells: 4/5 levels left

rFire   . . .      SeeInvis .    d - +2 dagger (venom)
rCold   + . .      Faith    .    (no shield)
rNeg    . . .      Spirit   .    b - +0 leather armour
rPois   .          Reflect  .    (no helmet)
rElec   .          Harm     .    (no cloak)
rCorr   .          Rampage  .    (no gloves)
Will    .....                    (no boots)
Stlth   +.........               c - amulet of the acrobat
HPRegen 0.23/turn                C - ring of protection from cold
MPRegen 0.09/turn                (no ring)

@: no status effects
A: powered by death 1
a: no special abilities


You were on level 2 of the Dungeon.
You visited 1 branch of the dungeon, and saw 3 of its levels.

You collected 85 gold pieces.


Innate Abilities, Weirdness & Mutations

You regenerate a little health from kills.


   Skills:
 - Level 2.0 Fighting
 - Level 2.6 Maces & Flails
 - Level 1.7 Dodging
 - Level 2.0 Spellcasting
 + Level 4.1 Conjurations


You had 4 spell levels left.
You knew the following spells:

 Your Spells              Type           Power      Damage    Failure   Level
X - Kiss of Death         Conj/Necr      28%        2d7       13%         1

Your spell library contained the following spells:

 Spells                   Type           Power      Damage    Failure   Level
 Momentum Strike          Conj/Tloc      14%        3d8       19%         2
 Summon Small Mammal      Summ           4%         N/A       30%         1
 Hailstorm                Conj/Ice       7%         3d4       36%         3
 Call Canine Familiar     Summ           1%         N/A       65%         3
 Summon Guardian Golem    Hex/Summ       1%         N/A       65%         3

Inventory:

Hand Weapons
 d - a +2 dagger of venom (weapon)
Armour
 b - a +0 leather armour (worn)
 g - a +0 pair of gloves
Magical Staves
 e - a staff of earth {!a}
Jewellery
 c - an amulet of the acrobat (around neck)
 v - a ring of see invisible
 C - a ring of protection from cold (left hand)
Scrolls
 f - a scroll of identify {unknown}
 h - a scroll of noise {unknown}
 i - a scroll of magic mapping {unknown}
 j - a scroll of butterflies {unknown}
 k - a scroll of brand weapon {unknown}
 l - a scroll of amnesia {unknown}
Potions
 a - 2 potions of curing {unknown}

Dungeon Overview and Level Annotations

Branches:
Dungeon (3/15)

Altars:

Shops:
D:1 :   D:2 :

Annotations:
D:3 Grinder

.....##..## #.#
.....#....# #.#
.....#....######.#
..........#......#
.....#...........#
.....#...........#
.....##...รท......#
####.##........o.#
#.##.........@#
#.##........o.#
#.##..........#
#......).....##
###..........#
#.....######
#.....# #.....#
######.....#


You could see 2 orcs.


Message History

The orc attacks as you move away! The orc hits you with a +0 hand axe.
The orc attacks as you move away! The orc closely misses you.
The orc attacks as you move away! The orc barely misses you.
The orc attacks as you move away! The orc completely misses you.
The orc attacks as you move away! The orc closely misses you.
The orc attacks as you move away! The orc misses you.
There is a stone staircase leading up here.
You hit the orc.
The orc is poisoned.
The orc is moderately wounded.
The orc closely misses you.
You hit the orc.
You kill the orc!
You barely miss the orc. The orc barely misses you.
You closely miss the orc. The orc hits you with a +0 whip.
The orc hits you with a +0 mace!
Unknown command.
The orc hits you with a +0 whip. The orc hits you with a +0 mace.
* * * LOW HITPOINT WARNING * * *
You climb upwards.
There is a stone staircase leading down here.
You hit the orc.
The orc is poisoned.
The orc is lightly wounded.
The orc hits you with a +0 whip.
* * * LOW HITPOINT WARNING * * *
The orc hits you with a +0 mace.
* * * LOW HITPOINT WARNING * * *
You hit the orc but do no damage.
The orc is lightly wounded.
The orc misses you. The orc hits you with a +0 mace.
You die...

Skill      XL: |  1  2 |
---------------+-------+-----
Conjurations   | 4 |  4.1
Fighting       | |  2.0
Maces & Flails | |  2.6
Dodging        | |  1.7
Spellcasting   | |  2.0

Action                   || total
-------------------------++-------
Melee: Dagger            ||    47
       Mace              ||     9
       Spear             ||     2
       Punch             ||     1
Armor: Leather armour    ||    12
Dodge: Dodged            ||    50

Levels and vault maps discovered:
D:1:      lemuel_arrival_funnel, layout_rooms, serial_shops, nicolae_shop_stone
D:2:      layout_basic, serial_shops, nicolae_shop_hallway_plus
D:3:      layout_rooms, led_xom_imps, kennysheep_crisscross, nrook_uturn,
          minmay_fountain_box, item_on_display_b, uniq_grinder

Notes
Turn   | Place    | Note
-------+----------+-------------------------------------------
     0 | D:1      | Jackthecabe the Demonspawn Reaver began the quest for the
                  | Orb.
     0 | D:1      | Reached XP level 1. HP: 16/16 MP: 3/3
    29 | D:1      | Found Eceram's Book Shoppe.
   592 | D:2      | Gained mutation: You regenerate a little health from kills.
                  | [demonic ancestry]
   592 | D:2      | Reached XP level 2. HP: 21/22 MP: 5/5
   811 | D:2      | Found Docuf's Book Shop.
   860 | D:2      | Reached skill level 4 in Conjurations
  1057 | D:3      | Noticed Grinder
  1087 | D:2      | Slain by an orc

Vanquished Creatures
  A dart slug (D:1)
  An orc (D:3)
  4 ball pythons (D:2)
  2 bats (D:2)
  2 endoplasms (D:3)
  A giant cockroach (D:1)
  4 goblins
  A hobgoblin (D:1)
  A frilled lizard (D:2)
  3 rats
20 creatures vanquished.

Table legend: (Time is in decaauts)
 A = Elapsed time spent in this place.
 B = Non-inter-level travel time spent in this place.
 C = Inter-level travel time spent in this place.
 D = Time resting spent in this place.
 E = Time spent auto-exploring this place.
 F = Levels seen in this place.
 G = Mean time per level.
                   A        B        C        D        E       F      G
               +--------+--------+--------+--------+--------+-----+--------+
         Total |   1088 |   1050 |     38 |      0 |    848 |   3 |  362.7 |
       Dungeon |   1088 |   1050 |     38 |      0 |    848 |   3 |  362.7 |
               +--------+--------+--------+--------+--------+-----+--------+

Top non-repeatable levels by time:
     D:1: 576 daAuts
     D:2: 431 daAuts
     D:3: 80 daAuts

Table legend:
 A = Non-vault XP
 B = Vault XP
 C = Vault XP percentage of total XP
 D = Non-vault monster count
 E = Vault monster count
 F = Vault count percentage of total count
                 A         B        C        D         E       F
            +---------+---------+-------+---------+---------+-------
      Total |      38 |       0 |   0.0 |      20 |       0 |   0.0
            +---------+---------+-------+---------+---------+-------
        D:1 |      11 |       0 |   0.0 |       5 |       0 |   0.0
        D:2 |      19 |       0 |   0.0 |      11 |       0 |   0.0
        D:3 |       8 |       0 |   0.0 |       4 |       0 |   0.0
            +---------+---------+-------+---------+---------+-------
